 Dungeon Crawl Stone Soup version 0.20-a0-991-g93344ec (webtiles) character file.

491 Ordine the Magician (level 7, -5/43 HPs)
             Began as an Octopode Transmuter on Apr 11, 2017.
             Killed by divine providence
             ... invoked by an orc priest
              (12 damage)
             ... on level 4 of the Dungeon.
             The game lasted 00:10:45 (2940 turns).

Ordine the Magician (Octopode Transmuter)           Turns: 2940, Time: 00:10:46

Health: -5/43      AC:  2    Str:  9    XL:     7   Next: 14%
Magic:  11/13      EV: 19    Int: 18    God:
Gold:   82         SH:  0    Dex: 17    Spells: 7/15 levels left

rFire    . . .     SeeInvis .     - Unarmed
rCold    . . .     Gourm    .   (shield currently unavailable)
rNeg     . . .     Faith    .   (helmet currently unavailable)
rPois    x         Spirit   .   (no amulet)
rElec    .         Reflect  .   l - ring of teleportation (curse)
rCorr    .         Harm     .   (no ring)
MR       .....     Rnd*Tele +   (no ring)
Stlth    +++.......             (no ring)
Regen    0.2/turn               (no ring)
MPRegen  0.2/turn               (no ring)
                                (no ring)
                                (no ring)

@: spider-form (expiring)
A: almost no armour, stealthy swim, (amphibious), 8 rings, (constrict 8)
a: End Transformation


You were on level 4 of the Dungeon.
You were not hungry.
You were a venomous arachnid creature.
You visited 1 branch of the dungeon, and saw 4 of its levels.

You collected 82 gold pieces.

Inventory:

Missiles
 a - 11 poisoned needles
 g - 62 stones (quivered)
Jewellery
 l - a cursed ring of teleportation (left front leg)
Wands
 f - a wand of flame (27/48)
 o - a wand of disintegration (12/24)
Scrolls
 m - a scroll of recharging
Potions
 e - a potion of flight {unknown}
 i - a potion of lignification {unknown}
 k - 2 potions of haste {unknown}
Books
 b - a book of Changes

   Spells                             Type                      Level
   a - Beastly Appendage              Transmutation                1
   b - Sticks to Snakes               Transmutation                2
   c - Spider Form                    Transmutation/Poison         3
   d - Ice Form                       Ice/Transmutation            4
   e - Blade Hands                    Transmutation                5
Comestibles
 c - 4 bread rations
 d - a chunk of flesh
 h - a meat ration
 j - 4 fruits
 n - a royal jelly


   Skills:
 - Level 1.0 Fighting
 - Level 2.0 Dodging
 + Level 3.5 Stealth
 + Level 4.4 Unarmed Combat
 * Level 4.5 Spellcasting
 + Level 4.2 Transmutations


You had 7 spell levels left.
You knew the following spells:

 Your Spells              Type           Power        Failure   Level  Hunger
a - Beastly Appendage     Tmut           ###...       10%         1    None
b - Spider Form           Tmut/Pois      ##........   41%         3    ###....
c - Ice Form              Ice/Tmut       ##......     85%         4    ####...


Dungeon Overview and Level Annotations

Branches:
Dungeon (4/15)
 Temple: D:4-7

Altars:


Innate Abilities, Weirdness & Mutations

You cannot wear most types of armour.
You are very stealthy in the water. (Stealth+)
((You are amphibious.))
You can wear up to eight rings at the same time.
((You can use your tentacles to constrict eight enemies at once.))
((Your skin changes colour to match your surroundings (Stealth+).))
((Your rubbery body absorbs attacks. (AC +1, EV +1)))


Message History

Pain shoots through your body!
* * * LOW HITPOINT WARNING * * *
You hit the worker ant.
The worker ant is moderately wounded.
The worker ant completely misses you.
You hit the worker ant but do no damage.
The worker ant is moderately wounded.
The worker ant barely misses you.
You hit the worker ant.
The worker ant is poisoned.
The worker ant is heavily wounded.
Your transformation is almost over.
The worker ant bites you.
* * * LOW HITPOINT WARNING * * *
You hit the worker ant but do no damage.
The worker ant looks even sicker.
The worker ant is severely wounded.
You kill the worker ant!
The orc priest calls down the wrath of Beogh upon you.
Beogh smites you!
You die...

%...##..รท...........#...#
...).....#........#.# .#
....##......#.##..#.###.###
....###.....#.##..#..>.....
#.#.........#...........#
#.#.###.....####..#..##.#
#.#.# #.....# #o....##.
#.#.# #...).####)#.[.##.
#...[...........s#...##.
###.###.#.#.###..#o..##.
#.#.#.# #..#a.o##. #######.
..#.#.# #..#..o##.##.....o.
........
...............#### ####.#
#####......<....#
.......###### #######


You could see an orc priest.

Vanquished Creatures
  Grinder (D:3)
  An orc priest (D:3)
  2 centaur skeletons (D:4)
  Natasha (D:4)
  An orc wizard (D:4)
  A worker ant (D:4)
  3 gnolls (D:3)
  2 adders
  An ooze (D:2)
  3 worms (D:2)
  2 dart slugs
  2 leopard geckos (D:1)
  9 orcs
  6 giant cockroaches
  6 hobgoblins
  2 jackals (D:2)
  3 kobolds
  A quokka (D:1)
  2 ball pythons
  6 bats
  2 frilled lizards
  9 goblins
  3 rats
69 creatures vanquished.

Notes
Turn   | Place    | Note
-------+----------+-------------------------------------------
     0 | D:1      | Ordine the Octopode Transmuter began the quest for the Orb.
     0 | D:1      | Reached XP level 1. HP: 13/13 MP: 3/3
   335 | D:1      | Reached XP level 2. HP: 17/18 MP: 5/5
   558 | D:1      | Reached XP level 3. HP: 15/23 MP: 6/6
   870 | D:1      | You fall through a shaft!
  1741 | D:2      | Reached XP level 4. HP: 22/28 MP: 6/8
  2130 | D:3      | Learned a level 3 spell: Spider Form
  2214 | D:3      | Reached skill level 1 in Stealth
  2271 | D:3      | Reached XP level 5. HP: 24/33 MP: 5/10
  2409 | D:3      | Noticed Grinder
  2419 | D:3      | Paralysed by Grinder for 2 turns
  2432 | D:3      | Killed Grinder
  2432 | D:3      | Reached XP level 6. HP: 23/38 MP: 10/12
  2745 | D:4      | Noticed Natasha
  2752 | D:4      | Killed Natasha
  2867 | D:4      | Learned a level 4 spell: Ice Form
  2900 | D:4      | Reached XP level 7. HP: 25/43 MP: 10/13
  2940 | D:4      | Killed from afar by an orc priest

Vault maps used:
D:1:      evilmike_arrival_rings
D:2:      kennysheep_generic_room_11
D:3:      kennysheep_boxes, uniq_grinder
D:4:      portal_sewer_entry_d, first_bread, uniq_sigmund, uniq_natasha,
          uniq_iyjb

Skill      XL: |  1  2  3  4  5  6 |
---------------+-------------------+-----
Spellcasting   | 3 4 |  4.5
Transmutations | 3 4 |  4.2
Stealth        | 1 2 3 |  3.5
Unarmed Combat | 4 |  4.4
Fighting       | |  1.0
Dodging        | |  2.0

Action                   |  1- 3 |  4- 6 |  7- 9 || total
-------------------------+-------+-------+-------++-------
Melee: Unarmed           |   108 |    80 |    16 ||   204
       Constrict         |    28 |    13 |       ||    41
       Tentacles         |    12 |     6 |       ||    18
       Punch             |     2 |       |       ||     2
       Kick              |     2 |     3 |       ||     5
 Cast: Beastly Appendage |     1 |     1 |       ||     2
       Spider Form       |       |     3 |     1 ||     4
  Use: Scroll            |     6 |     3 |       ||     9
       Potion            |       |     1 |       ||     1
 Stab: Sleeping          |     7 |     5 |       ||    12
  Eat: Chunk             |     2 |     4 |     1 ||     7
Armor: Skin              |     9 |     3 |       ||    12
Dodge: Dodged            |    70 |    38 |     7 ||   115
